[Event "Reykjavik Open 2022"]
[Site "Reykjavik"]
[Date "2022.04.07"]
[Round "3.52"]
[White "Vemparala, Nikash"]
[Black "Roe, Simon J"]
[Result "0-1"]
[ECO "B03"]
[WhiteElo "1998"]
[BlackElo "2211"]
[Annotator "TA"]
[PlyCount "52"]
[EventDate "2022.04.06"]
[EventCountry "ISL"]
[SourceTitle "playchess.com"]
[Source "ChessBase"]
[SourceQuality "1"]
[TimeControl "40/5400+30:1800+30"]

1. e4 Nf6 2. e5 Nd5 3. d4 d6 4. c4 Nb6 5. exd6 exd6 6. Be3 Be7 7. Bd3 {[%emt 0:01:50] B03: Alekhine's Defence: Four Pawns Attack.} Nc6 8. a3 (8. Nc3 $142) 8... Bf6 $11 9. Ne2 $1 {[%emt 0:02:15] The position is equal.} Bg4 10. f3 Bh5 11. O-O Bg6 12. Nbc3 O-O 13. Ne4 d5 14. Nxf6+ Qxf6 15. c5 Nc4 16. Bxc4 dxc4 {[%emt 0:00:08] [#]} 17. Nf4 $146 ({Predecessor:} 17. Nc3 Rfe8 18. Qd2 Bd3 19. Rfe1 Nxd4 20. Nd5 Qe5 21. Nf4 Nc2 22. Nxd3 cxd3 23. Bf2 Nxe1 24. Rxe1 Qd5 {0-1 (24) Wyszomirski,K (1736)-Matuszewski,M (2308) Warsaw 2010}) 17... Rfe8 (17... Rad8 $5 18. Nxg6 Rfe8 $15) 18. Qd2 Rad8 19. Nxg6 Qxg6 20. Rfd1 {[%emt 0:02:59] [#] Now White is beyond hope.} (20. Rae1 $11) 20... Ne5 $1 $36 {[%emt 0:05:06][%cal Bc6e5,Be5d3,Bd3c5,Bc5b3][%mdl 2592] And now ...Nxf3+ would win. Keeping White busy.} 21. Kh1 (21. Kf1 Nd3) 21... Nd3 {[%emt 0:02:29][%cal Od3c5] Inhibits Rac1.} 22. b3 (22. b4 $142) 22... Nxc5 $1 23. Qc3 (23. bxc4 $142 Nb3 24. Qc3 Nxa1 25. Rxa1) 23... Nxb3 24. Rab1 b5 {[%emt 0:00:52] Black is clearly winning.} 25. Re1 h6 {[%emt 0:01:58][%cal Oc7c5] White must now prevent ...c5!} 26. h3 c5 {[%emt 0:07:19] Weighted Error Value: White=0.44/Black=0.05 (flawless)} 0-1

[Event "Reykjavik Open 2022"]
[Site "Reykjavik"]
[Date "2022.04.07"]
[Round "3.53"]
[White "Ptacnikova, Lenka"]
[Black "Mitra, Akash"]
[Result "0-1"]
[ECO "E73"]
[WhiteElo "2173"]
[BlackElo "1866"]
[Annotator "TA"]
[PlyCount "54"]
[EventDate "2022.04.06"]
[EventCountry "ISL"]
[SourceTitle "playchess.com"]
[Source "ChessBase"]
[SourceQuality "1"]
[TimeControl "40/5400+30:1800+30"]

1. c4 Nf6 2. Nc3 g6 3. d4 Bg7 4. e4 d6 5. Be2 O-O 6. Be3 e5 7. d5 a5 8. g4 Na6 {[%emt 0:02:55] E73: King's Indian: Averbakh Variation without 6...c5.} 9. h4 {[%emt 0:07:31] 9.g5 gains popularity.} Ne8 (9... c6 $14) 10. h5 $16 f5 {[%emt 0:00:52] White is better.} 11. hxg6 hxg6 12. gxf5 gxf5 13. exf5 {[%emt 0:09:41] And now Nf3 would win.} Bxf5 14. Bg4 {[%emt 0:01:58] [#]} Qf6 $146 ({Predecessor:} 14... Qd7 15. Bxf5 Qxf5 16. Rh5 Qg6 17. Rg5 Qh7 18. Nge2 Nb4 19. Ng3 Nc2+ 20. Kd2 Nxa1 {0-1 (31) Sirosh,I (2405)-Lu,J (2024) Chess.com INT 2020}) 15. Qf3 Nc5 16. Bxf5 Qxf5 17. Qxf5 Rxf5 18. O-O-O Nf6 19. f3 {[%emt 0:08:35] Against Ng4} (19. Rh4 $16) 19... Kf7 20. Nh3 Ke7 21. Ng5 Rg8 $1 22. Nce4 {[%emt 0:01:57] [#] Black must now prevent Ng3.} Nfxe4 23. fxe4 Rf6 {[%emt 0:00:33] ...Bh6 is the strong threat.} 24. Rdf1 $2 ({Weaker is} 24. Rh7 Rh6 $15) (24. Bxc5 $16 {keeps the pressure on. aiming for Be3.} dxc5 25. Ne6) 24... Rxf1+ $17 25. Rxf1 Bh6 26. Rf7+ Ke8 27. Rxc7 $2 {[%emt 0:00:34][%mdl 8192] [#]} Bxg5 {[%emt 0:00:09] Weighted Error Value: White=0.50/Black=0.09 (flawless)} 0-1

[Event "Reykjavik Open 2022"]
[Site "Reykjavik"]
[Date "2022.04.07"]
[Round "3.54"]
[White "Louis, Thibault"]
[Black "Zheng, Harry Z"]
[Result "1-0"]
[ECO "C91"]
[WhiteElo "2181"]
[BlackElo "1718"]
[Annotator "TA"]
[PlyCount "115"]
[EventDate "2022.04.06"]
[EventCountry "ISL"]
[SourceTitle "playchess.com"]
[Source "ChessBase"]
[SourceQuality "1"]
[TimeControl "40/5400+30:1800+30"]

1. e4 e5 2. Nf3 Nc6 3. Bb5 a6 4. Ba4 Nf6 5. O-O Be7 6. Re1 b5 7. Bb3 d6 8. c3 O-O 9. d4 Bg4 10. Be3 Bxf3 11. Qxf3 Na5 12. Bc2 c5 13. dxe5 dxe5 14. Nd2 Qc7 15. Rad1 Rfd8 16. Nf1 Nc4 17. Bc1 g6 18. b3 Nb6 19. Rxd8+ Rxd8 20. Rd1 Rxd1 21. Qxd1 Qd6 22. Qxd6 Bxd6 23. f3 h5 24. Kf2 Kf8 25. Ke2 Nfd7 26. Be3 Ke7 27. Nd2 a5 (27... Nf8 $11 {deserves consideration.}) 28. Bd3 $14 b4 (28... c4 $1 $14) 29. Nc4 Nxc4 30. Bxc4 Nf8 31. Kd3 Nd7 32. Bg5+ f6 33. Be3 Nb6 34. Ba6 f5 $2 (34... h4 $16) 35. Bg5+ $18 Ke8 36. Bb5+ Nd7 $2 (36... Kf8 37. Bd8 Nc8 38. Bxa5 Kf7 39. cxb4 cxb4) 37. cxb4 $18 cxb4 38. Kc4 Be7 39. Bxe7 Kxe7 40. Bxd7 Kxd7 41. Kd5 fxe4 42. fxe4 Ke7 43. Kxe5 h4 44. g3 h3 45. g4 Kf7 46. g5 Ke7 47. Kd5 Kd7 48. e5 Ke7 49. e6 Ke8 50. Kd6 Kd8 51. e7+ Ke8 52. Ke6 a4 53. Kf6 ({And not} 53. bxa4 b3 54. axb3 $11) 53... a3 54. Kxg6 Kxe7 55. Kh7 Ke6 56. g6 Ke5 57. g7 Kd4 58. g8=Q 1-0

[Event "Reykjavik Open 2022"]
[Site "Reykjavik"]
[Date "2022.04.07"]
[Round "3.55"]
[White "Mai, Alexander Oliver"]
[Black "Larkin, Benjamin"]
[Result "1/2-1/2"]
[ECO "B12"]
[WhiteElo "2207"]
[BlackElo "1784"]
[Annotator "TA"]
[PlyCount "68"]
[EventDate "2022.04.06"]
[EventCountry "ISL"]
[SourceTitle "playchess.com"]
[Source "ChessBase"]
[SourceQuality "1"]
[TimeControl "40/5400+30:1800+30"]

1. e4 c6 2. d4 d5 3. e5 c5 4. Nf3 cxd4 5. Nxd4 e6 6. Bd3 {[%emt 0:02:55] B12: Caro-Kann: Advance Variation.} Nc6 7. Nxc6 bxc6 8. O-O Ne7 9. Nd2 Ng6 10. Nf3 Be7 11. Qe2 O-O 12. g3 {[%emt 0:01:38] [#]} f6 $146 ({Predecessor:} 12... f5 13. c4 d4 14. c5 Bxc5 15. Bc4 Be7 16. Rd1 c5 17. b4 Qb6 18. bxc5 Bxc5 {1-0 (32) Najer,E (2648)-Villegas,P (2358) Chess.com INT 2020}) 13. Bxg6 hxg6 14. Qd3 Kf7 15. Re1 g5 (15... c5 $11) 16. c3 {[%emt 0:07:56] &Bianco is more active.} ({Inferior is} 16. Qh7 Rh8 17. Qd3 c5 18. exf6 gxf6 $17) (16. exf6 $16 Bxf6 17. Bd2) 16... f5 $1 $11 {[%emt 0:03:26] next ...c5 is good for Black.} 17. Bd2 (17. Nd4 $11) 17... g4 (17... c5 $17 {Hoping for ...g4.} 18. Qe3 g4 19. Ng5+ Kg8) 18. Nd4 c5 19. Nc6 Qc7 20. Nxe7 Qxe7 21. b4 (21. h3 $1 $11) 21... Bb7 $15 22. bxc5 Qxc5 (22... d4 $5) 23. Rab1 Qc6 {[%emt 0:00:57][%cal Od5d4] White should prevent ...d4!} 24. Qd4 Ba6 25. Rb4 Rfc8 26. Reb1 (26. h3 $5) 26... Rc7 27. R1b3 Bc4 28. Rb2 Rd8 29. Be3 Rdd7 30. Kg2 {[%emt 0:03:17] [#]} (30. h3 $11 {keeps the balance.}) 30... Rb7 (30... Bd3 $1 $17) 31. Rxb7 $11 {[%emt 0:32:32] The position is equal.} Rxb7 32. Rxb7+ Qxb7 33. Qxa7 Qxa7 34. Bxa7 Bxa2 {[%emt 0:00:08] Weighted Error Value: White=0.27 (precise) /Black=0.25 (precise)} 1/2-1/2

[Event "Reykjavik Open 2022"]
[Site "Reykjavik"]
[Date "2022.04.07"]
[Round "3.56"]
[White "Ingvason, Johann"]
[Black "Hermes, Geoff R"]
[Result "1-0"]
[ECO "B07"]
[WhiteElo "2183"]
[BlackElo "1837"]
[Annotator "TA"]
[PlyCount "95"]
[EventDate "2022.04.06"]
[EventCountry "ISL"]
[SourceTitle "playchess.com"]
[Source "ChessBase"]
[SourceQuality "1"]
[TimeControl "40/5400+30:1800+30"]

1. e4 d6 2. d4 Nf6 3. Bd3 e5 4. d5 Be7 5. c4 O-O 6. Ne2 Nbd7 7. Ng3 Nc5 8. Bc2 c6 9. O-O a5 10. Nc3 Bd7 11. a4 Na6 12. Ra3 Nb4 13. Bb1 Qc7 14. h3 Qc8 15. Kh2 h6 16. f4 exf4 (16... Ne8 $14) 17. Bxf4 $16 cxd5 18. cxd5 Qc5 19. Qf3 (19. Qd2 $18) 19... Nh7 (19... Ne8 $16) 20. Be3 Qc4 21. Nb5 Bxb5 $2 (21... Nc2 $16 {was worth a try.}) 22. Rc3 (22. axb5 Bf6 $16) 22... Qxf1 23. Nxf1 Bxf1 24. Qxf1 Bf6 25. e5 $2 ({But not} 25. Rc7 Be5+ 26. Bf4 Bxf4+ 27. Qxf4 Nf6 28. Rxb7 Rfd8 $18) (25. Bf4 $18 {is more deadly.}) 25... Bxe5+ $16 26. Bf4 Bxf4+ (26... Nf6 $142) 27. Qxf4 $16 Nf6 28. Rg3 ({Don't take} 28. Qxd6 $6 Rad8 29. Qg3 Nbxd5 $14) 28... Kh8 29. Qxd6 ({White should try} 29. Rf3 $16) 29... Rfd8 {[%emt 0:00:13] [#]} ({Better is} 29... Nbxd5 $14 30. Rd3 Rad8) 30. Qb6 $1 $18 Nbxd5 (30... Rd7 $142 31. Qb5 (31. d6 Nbd5 $16) 31... Nbxd5) 31. Qxb7 $18 Rab8 32. Qxf7 Rd7 33. Qe6 Rb6 34. Qe1 Nb4 (34... Rb4 $142 35. Rf3 Rd8) 35. Bf5 $18 Rc7 36. Qe5 Nbd5 37. Rc3 Rxc3 38. bxc3 Rb7 39. Qd6 Re7 40. Qd8+ Re8 41. Qxa5 Ne3 42. Bg6 Rc8 43. Qa6 Rf8 44. Qe6 Ned5 45. Qd6 Rc8 46. c4 Rxc4 47. Qd8+ Ng8 48. Bf7 1-0

[Event "Reykjavik Open 2022"]
[Site "Reykjavik"]
[Date "2022.04.07"]
[Round "3.57"]
[White "Gudmundsson, Gunnar Erik"]
[Black "Wichtrup, Jan-Louis"]
[Result "1-0"]
[ECO "D41"]
[WhiteElo "1906"]
[BlackElo "2155"]
[Annotator "TA"]
[PlyCount "69"]
[EventDate "2022.04.06"]
[EventCountry "ISL"]
[SourceTitle "playchess.com"]
[Source "ChessBase"]
[SourceQuality "1"]
[TimeControl "40/5400+30:1800+30"]

1. d4 Nf6 2. c4 e6 3. Nc3 d5 4. cxd5 Nxd5 5. e4 Nxc3 6. bxc3 c5 7. Nf3 cxd4 8. cxd4 Bb4+ 9. Bd2 Bxd2+ 10. Qxd2 O-O 11. Be2 b6 12. O-O Bb7 13. Qf4 {[%emt 0:05:07] D41: Queen's Gambit Declined: Semi-Tarrasch with 5 cxd5.} Nd7 14. e5 Rc8 {[%emt 0:09:12] [#]} 15. Rac1 $146 {[%emt 0:03:14] The position is equal.} ({Predecessor:} 15. Ng5 h6 16. Ne4 Bxe4 17. Qxe4 f5 18. Qe3 Re8 19. Bb5 Re7 20. Rfd1 Nf8 21. Ba4 {1-0 (38) Barsamian,E (2213)-Kuzin,S (2028) Moscow 2011}) 15... Nb8 16. Rfd1 (16. Rxc8 $11 Qxc8 17. Rc1) 16... Rxc1 (16... Qd5 {feels hotter.} 17. Bd3 h6 18. a3 Rfd8) 17. Rxc1 Nc6 18. Bd3 Nb4 19. Be4 (19. Bxh7+ $11 Kxh7 20. Ng5+ Kg8 21. Qg4) 19... Bxe4 $17 20. Qxe4 Qd7 (20... Nxa2 $17 21. Ra1 Nc3) 21. Ng5 $11 {[%emt 0:04:05][%csl Gg5][%cal Re4h7] [#]} g6 22. Qh4 h5 23. Ne4 {[%emt 0:00:28] Threatens to win with Nf6+.} Nd5 24. g4 Qd8 25. Qh3 hxg4 $2 (25... Kg7 $15 {stays ahead.}) 26. Qh6 $18 f6 {[%emt 0:07:46] Against Ng5} 27. Qxg6+ Kh8 28. Qh5+ Kg7 29. Qxg4+ Kh6 30. Qh4+ Kg6 31. Qg4+ $40 {[%emt 0:01:33][%mdl 128] Black needs to defend precisely.} Kh6 $1 {[%emt 0:00:08] [#] And now ...Rg8 would win.} 32. Kh1 (32. Qh3+ $142 Kg7 33. Kh1) 32... Rg8 33. Qh4+ {[%emt 0:00:18] White mates.} Kg6 34. Rg1+ Kf5 35. Nd6+ {[%emt 0:00:32] Weighted Error Value: White=0.42/Black=0.89} (35. Ng3+ $142 Rxg3 36. Rxg3 Qg8 37. Rxg8 Nf4 38. f3 fxe5 39. Qg5#) 1-0

[Event "Reykjavik Open 2022"]
[Site "Reykjavik"]
[Date "2022.04.08"]
[Round "4.1"]
[White "Jarmula, Lukasz"]
[Black "Niemann, Hans Moke"]
[Result "1-0"]
[ECO "C83"]
[WhiteElo "2434"]
[BlackElo "2642"]
[Annotator "RC"]
[PlyCount "113"]
[EventDate "2022.04.06"]
[EventCountry "ISL"]
[SourceTitle "playchess.com"]
[Source "ChessBase"]
[SourceQuality "1"]
[TimeControl "40/5400+30:1800+30"]

1. e4 e5 2. Nf3 Nc6 3. Bb5 a6 4. Ba4 Nf6 5. O-O Nxe4 6. d4 b5 7. Bb3 d5 8. dxe5 Be6 9. Nbd2 Nc5 10. c3 Be7 11. Bc2 d4 12. Nb3 d3 13. Nxc5 dxc2 14. Qxd8+ Rxd8 15. Nxe6 fxe6 16. Be3 Rd5 17. Rfc1 Nxe5 18. Nxe5 Rxe5 19. Rxc2 Kf7 20. c4 Bd6 21. g3 Rb8 22. b3 a5 23. Rd1 bxc4 24. bxc4 Rd8 25. c5 Be7 26. Rb1 Ra8 27. Rb7 Bd8 28. c6 Ra6 29. Ba7 Re1+ 30. Kg2 Ke7 31. Rd2 Rxc6 32. Rb8 Rd6 33. Bc5 Rc1 34. Bxd6+ cxd6 35. Rdb2 Kd7 36. R2b7+ Bc7 37. Rg8 Kc6 38. Rb2 d5 39. Re2 e5 40. Rxg7 d4 41. Kf3 Kd5 42. Rb2 e4+ 43. Ke2 Bd6 44. Rg5+ Kc4 45. Kd2 Rf1 46. Rc2+ Kb4 47. Rd5 Rxf2+ 48. Kc1 Rf1+ 49. Kb2 d3 50. Rd4+ Kb5 51. a4+ Kb6 52. Rxd6+ Kb7 53. Rg2 Kc7 54. Re6 Re1 55. Rd2 Kd7 56. Re5 Kd6 57. Rxa5 1-0

[Event "Reykjavik Open 2022"]
[Site "Reykjavik"]
[Date "2022.04.08"]
[Round "4.2"]
[White "Yoo, Christopher Woojin"]
[Black "Idani, Pouya"]
[Result "0-1"]
[ECO "B23"]
[WhiteElo "2514"]
[BlackElo "2621"]
[Annotator "RC"]
[PlyCount "132"]
[EventDate "2022.04.06"]
[EventCountry "ISL"]
[SourceTitle "playchess.com"]
[Source "ChessBase"]
[SourceQuality "1"]
[TimeControl "40/5400+30:1800+30"]

1. e4 c5 2. Nc3 d6 3. Bb5+ Bd7 4. Bxd7+ Qxd7 5. d4 cxd4 6. Qxd4 Nc6 7. Qd3 g6 8. Nf3 Bg7 9. O-O Nf6 10. Nd5 O-O 11. Bg5 Ne8 12. Rad1 e6 13. Ne3 h6 14. Bh4 f5 15. exf5 gxf5 16. Nc4 Qf7 17. Nxd6 Nxd6 18. Qxd6 e5 19. b4 Rae8 20. b5 Na5 21. Qd5 Nc4 22. Qxf7+ Rxf7 23. Rfe1 Rc8 24. h3 e4 25. Nd4 Nb2 26. Rd2 Bxd4 27. Rxd4 Rxc2 28. f3 Nd3 29. Rf1 Rg7 30. g3 Nf4 31. Rd8+ Kh7 32. Kh1 Nxh3 33. Bf6 Rxg3 34. Rh8+ Kg6 35. Rg8+ Kxf6 36. Rxg3 Nf2+ 37. Kg1 f4 38. Rg2 e3 39. b6 axb6 40. Rb1 Rxa2 41. Rh2 Ke5 42. Kf1 Kd4 43. Rb4+ Kc3 44. Rb1 b5 45. Rxb5 Ra1+ 46. Kg2 Nd3 47. Kh3 Nf2+ 48. Kg2 e2 49. Re5 e1=Q 50. Rxe1 Rxe1 51. Kxf2 Re6 52. Rh5 Rf6 53. Rb5 b6 54. Ke2 Rd6 55. Rf5 Rd2+ 56. Ke1 Rd4 57. Rb5 Rb4 58. Rd5 b5 59. Ke2 Rb2+ 60. Kd1 Rb1+ 61. Ke2 b4 62. Rd3+ Kc4 63. Rd6 b3 64. Kd2 Rh1 65. Rc6+ Kd5 66. Rb6 b2 0-1

[Event "Reykjavik Open 2022"]
[Site "Reykjavik"]
[Date "2022.04.08"]
[Round "4.3"]
[White "Gukesh D"]
[Black "Maze, Sebastien"]
[Result "1-0"]
[ECO "D38"]
[WhiteElo "2614"]
[BlackElo "2527"]
[Annotator "RC"]
[PlyCount "91"]
[EventDate "2022.04.06"]
[EventCountry "ISL"]
[SourceTitle "playchess.com"]
[Source "ChessBase"]
[SourceQuality "1"]
[TimeControl "40/5400+30:1800+30"]

1. d4 Nf6 2. c4 e6 3. Nf3 d5 4. Nc3 Bb4 5. Qa4+ Nc6 6. a3 Bxc3+ 7. bxc3 Ne4 8. Bf4 O-O 9. h4 h6 10. e3 Bd7 11. Qc2 Na5 12. Bd3 c5 13. Ne5 Rc8 14. Rd1 Be8 15. cxd5 exd5 16. Bxe4 dxe4 17. dxc5 Qe7 18. Qxe4 Rxc5 19. Qd4 b6 20. Nd3 Rc4 21. Bd6 Qb7 22. Qe5 f6 23. Qg3 Rf7 24. O-O Rc8 25. Nf4 Nc4 26. Rd4 Rd7 27. Rfd1 Rxd6 28. Rxd6 Nxd6 29. Rxd6 Rc6 30. Qf3 Rc7 31. Qg4 Qc8 32. Qg3 Kh7 33. Nd5 Rf7 34. e4 Bc6 35. h5 Bxd5 36. Rxd5 Kg8 37. Qd3 Qe6 38. c4 Re7 39. f3 Re8 40. Rd7 Qe5 41. Qd5+ Kh7 42. Qf7 Rg8 43. Rxa7 Qg5 44. Qd5 Qe3+ 45. Kh2 Qe1 46. Kh3 1-0

[Event "Reykjavik Open 2022"]
[Site "Reykjavik"]
[Date "2022.04.08"]
[Round "4.4"]
[White "Adhiban, B.."]
[Black "Peng, Li Min"]
[Result "1/2-1/2"]
[ECO "D31"]
[WhiteElo "2648"]
[BlackElo "2498"]
[Annotator "RC"]
[PlyCount "67"]
[EventDate "2022.04.06"]
[EventCountry "ISL"]
[SourceTitle "playchess.com"]
[Source "ChessBase"]
[SourceQuality "1"]
[TimeControl "40/5400+30:1800+30"]

1. c4 e6 2. Nc3 d5 3. d4 a6 4. cxd5 exd5 5. Nf3 h6 6. Bf4 Nf6 7. e3 Bd6 8. Bxd6 Qxd6 9. Bd3 O-O 10. h3 Nc6 11. Rc1 Ne7 12. Qc2 g6 13. Ne2 c6 14. Ng3 b6 15. O-O Bb7 16. e4 dxe4 17. Nxe4 Nxe4 18. Bxe4 a5 19. Rfd1 Nd5 20. Ne5 Kg7 21. a3 Rac8 22. Qb3 Rfe8 23. Nc4 Qf6 24. Bf3 Ba6 25. Ne5 Red8 26. Rc2 Qd6 27. Rcc1 h5 28. Rd2 f6 29. Nc4 Bxc4 30. Qxc4 b5 31. Qc5 a4 32. Rdc2 Ne7 33. Rd1 Nf5 34. Rcd2 1/2-1/2

[Event "Reykjavik Open 2022"]
[Site "Reykjavik"]
[Date "2022.04.08"]
[Round "4.5"]
[White "Stefansson, Vignir Vatnar"]
[Black "Sadhwani, Raunak"]
[Result "1/2-1/2"]
[ECO "B30"]
[WhiteElo "2484"]
[BlackElo "2616"]
[Annotator "RC"]
[PlyCount "109"]
[EventDate "2022.04.06"]
[EventCountry "ISL"]
[SourceTitle "playchess.com"]
[Source "ChessBase"]
[SourceQuality "1"]
[TimeControl "40/5400+30:1800+30"]

1. e4 c5 2. Nf3 Nc6 3. Bb5 e6 4. Bxc6 bxc6 5. e5 f6 6. O-O fxe5 7. Nxe5 Nf6 8. Re1 Be7 9. b3 Qc7 10. Bb2 O-O 11. Ng4 Ne8 12. c4 d6 13. d4 cxd4 14. Qxd4 e5 15. Qd1 Bh4 16. Rf1 Qb6 17. Nc3 h5 18. Ne3 Bxf2+ 19. Rxf2 Qxe3 20. Qe2 Qxf2+ 21. Qxf2 Rxf2 22. Kxf2 c5 23. Rd1 Kf7 24. Ba3 Ba6 25. Ne4 Ke7 26. b4 Bxc4 27. bxc5 d5 28. Nd2 Bxa2 29. Ra1 Bc4 30. Nxc4 dxc4 31. Rc1 Kd7 32. Rxc4 Kc6 33. g4 Kd5 34. Ra4 hxg4 35. Rxg4 a5 36. Rg6 Kc4 37. Bb2 Kxc5 38. Bxe5 a4 39. h4 a3 40. h5 a2 41. h6 gxh6 42. Rxh6 Nc7 43. Ba1 Rb8 44. Rh7 Kd6 45. Rh4 Rb1 46. Bh8 Rc1 47. Ra4 Rc2+ 48. Ke3 Rh2 49. Ba1 Kc5 50. Kd3 Kb5 51. Ra7 Nd5 52. Rb7+ Ka4 53. Kc4 Ne3+ 54. Kd3 Nc2 55. Bc3 1/2-1/2

[Event "Reykjavik Open 2022"]
[Site "Reykjavik"]
[Date "2022.04.08"]
[Round "4.6"]
[White "Praggnanandhaa R"]
[Black "Laurent-Paoli, Pierre"]
[Result "1-0"]
[ECO "D38"]
[WhiteElo "2612"]
[BlackElo "2483"]
[Annotator "RC"]
[PlyCount "61"]
[EventDate "2022.04.06"]
[EventCountry "ISL"]
[SourceTitle "playchess.com"]
[Source "ChessBase"]
[SourceQuality "1"]
[TimeControl "40/5400+30:1800+30"]

1. d4 Nf6 2. c4 e6 3. Nf3 d5 4. Nc3 Bb4 5. Qa4+ Nc6 6. e3 O-O 7. Qc2 dxc4 8. Bxc4 Bd6 9. O-O e5 10. h3 a6 11. dxe5 Nxe5 12. Nxe5 Bxe5 13. Bd2 Qe7 14. f4 Bxc3 15. Bxc3 Qxe3+ 16. Kh2 Qb6 17. Rf3 Qc6 18. Bd3 h6 19. Rd1 Re8 20. Qb1 Be6 21. Bxf6 gxf6 22. Be4 Qb5 23. Rg3+ Kh8 24. f5 Bc4 25. Qc1 Kh7 26. Rd4 Be2 27. Bd3 Qe5 28. Rh4 h5 29. Bxe2 Qxe2 30. Qc4 Qxc4 31. Rxh5# 1-0

[Event "Reykjavik Open 2022"]
[Site "Reykjavik"]
[Date "2022.04.08"]
[Round "4.7"]
[White "Warmerdam, Max"]
[Black "Clarke, Brandon G I"]
[Result "1/2-1/2"]
[ECO "A16"]
[WhiteElo "2607"]
[BlackElo "2430"]
[Annotator "RC"]
[PlyCount "36"]
[EventDate "2022.04.06"]
[EventCountry "ISL"]
[SourceTitle "playchess.com"]
[Source "ChessBase"]
[SourceQuality "1"]
[TimeControl "40/5400+30:1800+30"]

1. Nf3 Nf6 2. c4 g6 3. Nc3 Bg7 4. e4 e5 5. Nxe5 O-O 6. f4 d6 7. Nf3 Nxe4 8. Nxe4 Re8 9. d3 f5 10. Be2 fxe4 11. dxe4 c6 12. Bd3 Qb6 13. Qe2 Na6 14. Rb1 Nc5 15. Be3 Qb4+ 16. Bd2 Qb6 17. Be3 Qb4+ 18. Bd2 Qb6 1/2-1/2

[Event "Reykjavik Open 2022"]
[Site "Reykjavik"]
[Date "2022.04.08"]
[Round "4.8"]
[White "Hjartarson, Johann"]
[Black "Andersen, Mads"]
[Result "1/2-1/2"]
[ECO "D28"]
[WhiteElo "2470"]
[BlackElo "2570"]
[Annotator "TA"]
[PlyCount "177"]
[EventDate "2022.04.06"]
[EventCountry "ISL"]
[SourceTitle "playchess.com"]
[Source "ChessBase"]
[SourceQuality "1"]
[TimeControl "40/5400+30:1800+30"]

1. d4 d5 2. c4 dxc4 3. e3 Nf6 4. Bxc4 e6 5. Nf3 c5 6. O-O a6 7. Bd3 Nbd7 8. Qe2 b5 9. a4 c4 10. Bc2 Bb7 11. e4 Be7 12. Bg5 O-O 13. Nbd2 h6 14. Bh4 Qb6 15. Rfd1 Rfe8 16. e5 Nd5 17. Bxe7 Nxe7 18. Ne4 Bd5 19. Nd6 Rf8 20. Ra3 f5 21. Nh4 Nc8 22. Nxc8 Rfxc8 23. Ng6 Qd8 24. Rg3 Nf8 25. Nf4 Ra7 26. Qd2 Kh8 27. h4 Rd7 28. h5 Qh4 29. axb5 axb5 30. Ra3 b4 31. Ra5 c3 (31... b3 $11 {remains equal.} 32. Bb1 (32. Bxf5 Rf7 $17) 32... Qg4) 32. bxc3 $16 bxc3 33. Qe3 Bb7 34. Ra3 ({White should play} 34. Rb1 $16) 34... Rdc7 (34... Qg4 $14) 35. Rc1 Qe7 36. Rb3 Qd7 (36... Qd8 $16) 37. Rb6 $18 Ba8 38. Bb3 Rc6 39. Ba4 Qd8 40. Bxc6 Qxb6 41. Bxa8 Rxa8 42. Qxc3 Rd8 43. Rd1 Qb7 44. g3 Kg8 45. Qc4 Rc8 46. Qd3 Qc7 47. Ra1 Qb7 (47... Rb8 {might work better.} 48. Kg2 Re8) 48. d5 $18 exd5 (48... Qb2 $142) 49. Qxf5 $18 d4 50. e6 Re8 51. Rd1 Nh7 52. Rxd4 Ng5 53. Rd7 Qc6 $2 {[%emt 0:01:48] [#]} (53... Qa8 54. Rd3 (54. Qg6 Nf3+ 55. Kf1 Nh2+ 56. Ke2 Qf3+ 57. Ke1 Qc3+ 58. Ke2 Qf3+ 59. Ke1 Qc3+ 60. Kd1 Qf3+ 61. Ne2 Qb3+ 62. Ke1 Qb4+ 63. Kd1 Qb3+ 64. Ke1 Qb4+ 65. Kd1 Qb3+ $11) 54... Rc8) 54. e7 $2 (54. Qg6 Nf3+ 55. Kf1 Nh2+ 56. Kg1 Nf3+ 57. Kf1 Nh2+ 58. Kg1 Nf3+ $11) (54. Qf7+ $1 $18 {[%mdl 512] is the precise move to win.} Nxf7 55. exf7+ Kf8 56. Ng6+ (56. fxe8=B Qc1+ 57. Kh2 Kxe8 $11) (56. fxe8=R+ Kxe8 57. Rxg7 Qc1+ 58. Kg2 Qc6+ 59. Kh3 Qc8+ 60. Kh2 Qc5 $11) 56... Qxg6 57. hxg6) 54... Nf3+ $16 55. Kf1 (55. Kh1 $1 $16 {Hoping for Nd5.} Ne5+ 56. Rd5 Rxe7 57. Kg2) 55... Nh2+ $11 56. Kg1 ({White should try} 56. Ke2 $11 Qf3+ 57. Kd2 (57. Ke1 Qc3+ 58. Kd1 Qf3+ 59. Ke1 Qc3+ 60. Ke2 Qf3+ 61. Kd2 Qxf2+ 62. Kd1 Qf3+ 63. Kd2 Nf1+ 64. Ke1 Nxg3 $11) 57... Qxf2+ 58. Kd1 Qf3+ 59. Kd2 Nf1+ 60. Ke1 Nxg3 61. Qe6+ (61. Qd5+ Qxd5 62. Nxd5 Kf7 $15) 61... Kh8 62. Ng6+ Kh7 63. Nf8+ Kh8 64. Ng6+ Kh7 65. Nf8+ Kh8 66. Ng6+) 56... Nf3+ $16 57. Kh1 $1 Ne5+ 58. Rd5 Rxe7 59. Kh2 Nf3+ 60. Kh3 Ng5+ 61. Kg4 Qa8 62. Qd3 Qc8+ 63. Kh4 $1 Re8 64. Qb3 (64. Rd4 $16) 64... Kh8 65. Rb5 Qd8 (65... Re4 $2 66. Rb8 Nf3+ 67. Qxf3 $18) (65... Ne4 $11 66. Ng6+ Kh7) 66. Qd5 (66. Qd3 $16) 66... Qf6 (66... Nf3+ 67. Kg4 Ne5+ 68. Kh3 Qxd5 69. Nxd5 $16 (69. Rxd5 Kg8 $16)) 67. Qf5 Qa1 68. Ng6+ Kg8 69. Ne7+ Kh8 70. Ng6+ Kg8 $1 71. Rb1 Qd4+ 72. f4 Nf3+ ({Better is} 72... Qf2 $1 $14 73. Ne7+ Kh8 74. fxg5 Qh2+ 75. Kg4 Qe2+ 76. Qf3 Qxe7) 73. Kg4 $16 Nh2+ (73... Ng5 $16 74. Ne7+ Kh8) 74. Kh3 $18 Nf3 75. Ne7+ $1 ({But not} 75. Rb7 $6 Qc4 $16) 75... Kh8 {[%emt 0:00:10] [#]} 76. Ng6+ (76. Kg2 $1 $18 Nd2 (76... Qc3 77. Qd7) 77. Re1 (77. Ng6+ Kg8 $18)) 76... Kg8 $16 77. Rb7 Qc4 78. Ne7+ Kh8 79. Ng6+ Kg8 {[%emt 0:00:07] [#]} 80. Qb5 (80. Rb2 $1 $16) 80... Qe6+ $11 81. Kg2 $1 Ne1+ 82. Kh2 $1 Nf3+ 83. Kg2 Ne1+ 84. Kh2 $1 Qa2+ 85. Kh3 Qg2+ 86. Kg4 Qf3+ 87. Kh3 Qh1+ (87... Re3 $2 {gets mated.} 88. Rb8+) 88. Kg4 Qf3+ 89. Kh3 1/2-1/2

[Event "Reykjavik Open 2022"]
[Site "Reykjavik"]
[Date "2022.04.08"]
[Round "4.9"]
[White "Fier, Alexandr"]
[Black "Thorfinnsson, Bragi"]
[Result "1-0"]
[ECO "B89"]
[WhiteElo "2583"]
[BlackElo "2419"]
[Annotator "RC"]
[PlyCount "109"]
[EventDate "2022.04.06"]
[EventCountry "ISL"]
[SourceTitle "playchess.com"]
[Source "ChessBase"]
[SourceQuality "1"]
[TimeControl "40/5400+30:1800+30"]

1. e4 c5 2. Nf3 d6 3. d4 cxd4 4. Nxd4 Nf6 5. Nc3 Nc6 6. Bc4 e6 7. Be3 Be7 8. Qe2 a6 9. O-O-O Qc7 10. Nxc6 bxc6 11. g4 Bb7 12. g5 Nd7 13. h4 d5 14. Bb3 O-O-O 15. exd5 exd5 16. Kb1 Bc5 17. Bc1 Bd6 18. Na4 Nc5 19. Nxc5 Bxc5 20. Rhe1 Kb8 21. Qf3 Ka8 22. Bf4 Qb6 23. Be5 f6 24. gxf6 gxf6 25. Bxf6 Rdf8 26. Re6 Rhg8 27. Bxd5 cxd5 28. Rxb6 Bxb6 29. Qc3 Bxf2 30. Bg5 d4 31. Qa5 Be3 32. b3 h6 33. Bxe3 dxe3 34. Re1 Re8 35. Re2 Re6 36. Qf5 Rge8 37. a4 Be4 38. Qf4 Bg6 39. Qc7 Bh5 40. Rxe3 Rxe3 41. Qc6+ Ka7 42. Qc5+ Kb7 43. Qxh5 R8e6 44. Qd5+ Kc7 45. a5 R3e5 46. Qc4+ Kb7 47. Kb2 h5 48. Qd4 Kc6 49. Qd8 Kb7 50. Qd7+ Kb8 51. Qd8+ Kb7 52. Ka3 Rc6 53. c4 Rce6 54. Kb4 Kc6 55. Qc8+ 1-0